Map: Catalyst LE

Players

DnS - Winner!

  • Race: Protoss Protoss
  • Spawn Location: 11:00

Bly

  • Race: Zerg Zerg
  • Spawn Location: 5:00

Event: IEM Season 12 - Katowice

VOD

Have the link to the VOD?

Description

Time

  • Played on: Feb. 26, 2018, 7:07 a.m.
  • Length: 16:48

All games in this series

Show
View Real Time Build Order
Export as new Build Order

DnS Protoss - Winner!

Build Orders: 1 Gate Expand, Oracle Opening, Phoenix Opening, Archon Immortal, Zealot Archon, Archon Drop 

Get SALT Encoding   

  12  0:00  Probe  
  13  0:12  Probe  
  14  0:20  Pylon  
  14  0:24  Probe  
  15  0:38  Probe (Chrono Boost)  
  15  0:40  Gateway  
  16  0:47  Probe (Chrono Boost)  
  16  0:48  Assimilator  
  17  0:52  Probe (Chrono Boost)  
  18  1:04  Probe  
  19  1:16  Probe  
  20  1:26  Nexus  
  20  1:36  Cybernetics Core  
  20  1:39  Probe  
  21  1:46  Assimilator  
  21  1:51  Probe  
  22  1:55  Pylon  
  22  2:09  Probe  
  22  2:11  Adept (Chrono Boost)  
  25  2:21  Probe  
  26  2:23  Stargate  
  26  2:30  Adept (Chrono Boost)  
  29  2:37  Probe (Chrono Boost)  
  29  2:40  Probe (Chrono Boost)  
  29  2:42  Warp Gate  
  30  2:49  Probe (Chrono Boost)  
  30  2:50  Probe (Chrono Boost)  
  32  2:54  Probe (Chrono Boost), Adept  
  32  2:58  Probe  
  36  3:06  Probe  
  36  3:08  Phoenix  
  36  3:10  Probe  
  40  3:18  Probe  
  41  3:22  Probe  
  41  3:23  Gateway  
  41  3:26  Pylon  
  42  3:30  Probe  
  43  3:34  Probe  
  44  3:42  Probe  
  44  3:44  Oracle (Chrono Boost), Assimilator  
  44  3:46  Probe  
  49  3:52  Assimilator  
  49  3:54  Probe  
  50  3:58  Twilight Council  
  50  3:59  Probe  
  51  4:05  Pylon  
  51  4:07  Probe  
  51  4:09  Robotics Facility  
  52  4:11  Probe  
  53  4:19  Probe  
  54  4:25  Gateway  
  54  4:27  Gateway  
  54  4:28  Charge (Chrono Boost)  
  55  4:31  Probe  
  55  4:33  Pylon  
  55  4:40  Probe  
  55  4:43  Probe  
  57  4:47  Gateway  
  57  4:55  Gateway  
  57  4:56  Zealot x2, Warp Prism (Chrono Boost)  
  63  5:05  Templar Archives  
  55  5:22  Zealot x3  
  55  5:23  Zealot  
  63  5:35  Pylon  
  63  5:40  Nexus  
  63  5:41  Pylon  
  63  5:44  Zealot  
  63  5:45  Zealot  
  65  5:53  High Templar x3  
  65  5:54  High Templar  
  73  5:57  Archon x2  
  73  6:02  Shield Battery  
  73  6:07  Probe x2  
  73  6:09  Observer  
  73  6:11  Pylon, Zealot x2  
  80  6:21  Psionic Storm  
  80  6:25  Zealot  
  80  6:26  Zealot x2  
  80  6:28  Probe x2  
  82  6:35  Nexus  
  82  6:39  High Templar x2  
  86  6:40  Probe  
  86  6:42  Probe, Zealot x2  
  90  6:52  Probe  
  91  6:55  Probe  
  91  6:57  Pylon  
  91  6:59  High Templar  
  94  7:02  Observer  
  94  7:03  Pylon  
  94  7:08  Forge  
  94  7:13  Pylon, Gateway  
  94  7:14  Gateway  
  96  7:15  Probe x2  
  96  7:16  Gateway  
  96  7:20  High Templar x2  
  100  7:26  Immortal (Chrono Boost)  
  100  7:27  Probe x2  
  106  7:40  Probe x2 (Chrono Boost)  
  106  7:41  Assimilator  
  106  7:42  Protoss Ground Weapons Level 1 (Chrono Boost)  
  98  7:44  Assimilator  
  98  7:47  High Templar x2  
  98  7:48  Probe (Chrono Boost)  
  104  7:51  Archon  
  104  7:52  Probe x2 (Chrono Boost)  
  104  7:58  Probe (Chrono Boost)  
  106  7:59  Probe x2 (Chrono Boost)  
  106  8:03  Probe (Chrono Boost), Observer  
  110  8:06  Probe x2  
  110  8:09  Observer  
  112  8:14  Probe  
  112  8:15  Pylon  
  113  8:22  Probe, Pylon, Robotics Facility  
  113  8:23  Photon Cannon  
  113  8:24  Immortal (Chrono Boost)  
  118  8:38  High Templar  
  118  8:39  Zealot x5, High Templar  
  118  8:40  Zealot  
  134  8:41  Photon Cannon  
  134  8:42  Pylon  
  134  8:43  Archon  
  118  9:02  High Templar x2  
  122  9:04  Immortal (Chrono Boost)  
  122  9:06  Archon  
  126  9:11  Immortal (Chrono Boost), Nexus  
  126  9:12  Pylon  
  126  9:14  Pylon  
  126  9:15  Zealot  
  132  9:32  Probe x3, Photon Cannon  
  132  9:33  Photon Cannon  
  132  9:34  Protoss Ground Weapons Level 2 (Chrono Boost), Immortal (Chrono Boost), Photon Cannon  
  137  9:39  Zealot x4  
  137  9:40  Zealot  
  137  9:44  Immortal (Chrono Boost)  
  151  9:47  Zealot  
  151  9:51  Zealot  
  145  9:59  High Templar x2  
  149  10:00  Probe x2  
  149  10:01  Probe  
  149  10:05  Archon, Assimilator  
  152  10:07  Assimilator  
  152  10:10  Immortal (Chrono Boost)  
  152  10:12  Zealot  
  158  10:18  Pylon  
  158  10:22  Gateway  
  158  10:25  Gateway  
  160  10:33  High Templar x4  
  166  10:36  Archon  
  166  10:37  Archon  
  166  10:38  Zealot  
  166  10:39  Zealot x2  
  156  10:59  Zealot  
  156  11:00  Immortal (Chrono Boost)  
  156  11:03  Immortal (Chrono Boost)  
  164  11:04  Photon Cannon  
  164  11:07  Phoenix (Chrono Boost)  
  164  11:10  Photon Cannon  
  157  11:20  Shield Battery  
  157  11:21  Photon Cannon  
  157  11:22  Pylon  
  153  11:27  Zealot x7  
  165  11:43  Zealot x2  
  165  11:44  Zealot  
  158  11:51  Zealot  
  158  11:53  Zealot x4  
  163  12:05  Zealot  
  163  12:06  Zealot x2  
  169  12:10  Pylon  
  169  12:14  Pylon  
  167  12:21  Stalker x4  
  167  12:22  Stalker  
  172  12:27  Phoenix (Chrono Boost)  
  172  12:28  Stalker x2  
  163  12:41  Shield Battery  
  155  12:45  Shield Battery  
  155  12:46  High Templar x7  
  155  12:47  High Templar  
  155  12:48  Shield Battery  
  155  12:50  Archon x2  
  155  12:51  Archon x2  
  163  12:53  Phoenix  
  151  13:08  Stalker x2  
  149  13:18  Phoenix (Chrono Boost)  
  118  13:27  Stalker x5  
  108  13:37  High Templar x2  
  108  13:38  High Templar x4  
  108  13:40  Phoenix (Chrono Boost)  
  121  13:42  Archon x3  
  121  13:46  Probe x4  
  120  13:58  Probe x3  
  123  14:03  Probe  
  122  14:10  Probe x2  
  126  14:20  Warp Prism  
  126  14:21  Probe x2  
  126  14:22  Probe x2  
  132  14:34  High Templar x4  
  132  14:35  Probe (Chrono Boost)  
  132  14:38  Archon x2  
  141  14:41  Probe (Chrono Boost)  
  141  14:43  Probe (Chrono Boost)  
  142  14:46  Probe (Chrono Boost)  
  142  14:47  Probe (Chrono Boost)  
  142  14:51  Probe (Chrono Boost)  
  142  14:52  Probe (Chrono Boost)  
  145  14:54  Probe (Chrono Boost)  
  145  14:56  Probe (Chrono Boost)  
  145  14:57  Probe x2 (Chrono Boost)  
  149  15:00  Probe  
  149  15:05  Probe  
  151  15:07  Probe x2  
  151  15:12  Probe  
  154  15:17  Probe, Zealot  
  154  15:18  Zealot  
  154  15:19  Probe  
  154  15:20  Observer (Chrono Boost)  
  162  15:22  Probe  
  162  15:24  Probe, High Templar x3  
  162  15:25  High Templar x2  
  162  15:26  High Templar  
  162  15:27  Observer (Chrono Boost)  
  176  15:29  Archon x3  
  176  15:30  Zealot  
  176  15:49  Zealot x3  
  180  15:58  Stalker x2  
  184  16:11  Observer x2, High Templar x3  
  186  16:12  Zealot, High Templar  
  186  16:18  Archon x2  
  185  16:33  Zealot x4  
  185  16:34  Zealot x2  
Show
View Real Time Build Order
Export as new Build Order

Bly Zerg 

Build Orders: Hatch First, Lurkers 

Get SALT Encoding   

  12  0:01  Drone  
  13  0:13  Overlord  
  13  0:17  Drone  
  14  0:32  Drone x2  
  16  0:50  Hatchery  
  16  0:53  Drone  
  16  0:56  Drone  
  17  0:59  Drone  
  17  1:04  Extractor  
  17  1:15  Spawning Pool  
  16  1:18  Drone  
  16  1:22  Drone  
  18  1:34  Drone  
  19  1:44  Overlord  
  19  1:50  Drone  
  20  2:02  Queen  
  20  2:03  Zergling x4  
  20  2:06  Queen  
  26  2:14  Metabolic Boost  
  26  2:16  Drone  
  26  2:18  Drone  
  28  2:31  Drone x2  
  28  2:32  Drone  
  31  2:46  Hatchery  
  30  2:51  Drone x2  
  30  2:52  Drone  
  30  2:57  Overlord  
  32  3:01  Queen  
  34  3:12  Drone x2  
  36  3:17  Drone x4  
  36  3:18  Drone  
  41  3:24  Overlord  
  41  3:33  Overlord  
  41  3:36  Zergling x2  
  42  3:48  Drone x5  
  44  3:49  Drone x2  
  48  3:58  Drone x3  
  48  4:00  Lair  
  51  4:04  Overlord  
  51  4:06  Queen, Extractor  
  52  4:10  Overlord  
  52  4:14  Drone  
  53  4:23  Zergling x18  
  62  4:31  Extractor  
  62  4:34  Overlord  
  61  4:40  Drone x3  
  61  4:44  Extractor  
  62  4:49  Drone x3  
  62  4:50  Drone x2  
  64  4:56  Drone x2  
  60  5:00  Drone  
  60  5:01  Hydralisk Den  
  59  5:07  Drone x2  
  59  5:10  Drone  
  62  5:16  Baneling Nest  
  61  5:25  Zergling x18  
  70  5:30  Spine Crawler  
  70  5:32  Spine Crawler  
  70  5:33  Hydralisk  
  70  5:37  Hydralisk x2  
  73  5:44  Hydralisk x3  
  78  5:51  Hydralisk  
  78  5:54  Overlord x3  
  80  6:01  Baneling x3  
  80  6:02  Baneling x4  
  80  6:13  Hydralisk x4  
  80  6:17  Baneling x4  
  87  6:21  Hydralisk  
  89  6:27  Zergling x10  
  94  6:39  Muscular Augments  
  93  6:42  Drone x5  
  93  6:43  Drone x2  
  100  6:48  Drone  
  100  6:49  Drone x2  
  100  6:51  Overlord  
  100  6:53  Drone  
  104  7:08  Hydralisk  
  104  7:10  Overlord  
  105  7:19  Extractor  
  105  7:21  Extractor  
  103  7:25  Drone  
  103  7:26  Drone x3  
  103  7:27  Drone x4  
  103  7:28  Drone x3  
  103  7:29  Drone x3  
  117  7:31  Hatchery  
  117  7:34  Centrifical Hooks  
  116  7:44  Hydralisk  
  116  7:45  Hydralisk x2  
  116  7:47  Overlord x2  
  121  8:04  Evolution Chamber  
  120  8:11  Drone  
  120  8:12  Drone x6  
  127  8:21  Extractor  
  127  8:23  Extractor, Overlord x2  
  127  8:26  Spire  
  124  8:27  Hydralisk x5  
  134  8:35  Zerg Melee Weapons Level 1  
  134  8:41  Overlord x7  
  120  8:58  Overseer  
  120  9:01  Drone x5  
  125  9:06  Lurker Den  
  125  9:09  Drone x5  
  129  9:11  Hydralisk x7  
  129  9:13  Grooved Spines  
  143  9:22  Baneling x9  
  143  9:32  Zergling x16  
  145  9:58  Baneling  
  145  9:59  Baneling x15  
  145  10:00  Zergling x24  
  145  10:01  Zergling x4  
  159  10:35  Hatchery  
  159  10:39  Lurker x2  
  159  10:40  Zergling x2  
  159  10:41  Zergling x38  
  163  11:06  Zerg Melee Weapons Level 2  
  156  11:25  Hydralisk x3  
  145  11:30  Mutalisk x5  
  145  11:31  Mutalisk x11  
  167  11:42  Hydralisk x5  
  167  11:43  Hydralisk  
  167  11:45  Lurker x2  
  167  11:46  Lurker x2  
  173  11:52  Hydralisk  
  173  11:53  Hydralisk x3  
  167  11:55  Baneling x14  
  163  12:01  Baneling  
  163  12:02  Baneling x9  
  163  12:03  Lurker  
  163  12:06  Lurker  
  165  12:09  Zergling x4  
  165  12:10  Zergling x8  
  165  12:17  Zergling x8  
  165  12:18  Zergling x2  
  164  12:34  Hydralisk  
  164  12:35  Hydralisk x5  
  166  12:39  Spore Crawler  
  166  12:41  Spore Crawler x2  
  144  13:01  Hydralisk x2  
  144  13:02  Hydralisk x4  
  154  13:06  Hatchery  
  142  13:17  Mutalisk x2  
  130  13:25  Overseer  
  120  13:32  Hatchery  
  107  13:35  Drone x2  
  107  13:44  Mutalisk x2  
  107  13:53  Lurker x3  
  107  13:54  Lurker x3  
  97  14:03  Hydralisk x2  
  97  14:05  Zergling x4  
  79  14:18  Hydralisk x4  
  87  14:37  Hydralisk x4  
  95  14:49  Hydralisk x2  
  95  14:52  Hatchery  
  97  14:56  Drone x5  
  102  15:04  Extractor  
  102  15:07  Spore Crawler  
  100  15:17  Hydralisk x6  
  112  15:23  Hydralisk x2  
  112  15:24  Zergling x2  
  112  15:27  Spore Crawler  
  112  15:28  Spore Crawler  
  115  15:29  Overseer  
  115  15:30  Extractor  
  82  16:00  Drone x3  
  85  16:06  Lurker x2  
  85  16:07  Lurker  
  88  16:11  Hydralisk x2  
  88  16:15  Drone  
  95  16:18  Spine Crawler  
  95  16:20  Spine Crawler  

Tags
 
Add a new tag
Caveats
  • Supply blocks, unpowered buildings, or Contaminate may cause inaccurate times.
  • Supply counts are checked every 10 seconds.